 Dungeon Crawl Stone Soup version 0.30-a0-867-g305f33218d (webtiles) character file.

Game seed: 17563556333231565176

4456 Dittersdorf the Fighter (level 10, -4/65 HPs)
             Began as a Gargoyle Fighter on Mar 10, 2023.
             Was a Follower of Okawaru.
             Slain by a yak (8 damage)
             ... on level 9 of the Dungeon.
             The game lasted 00:10:10 (7254 turns).

Dittersdorf the Fighter (Gargoyle Fighter)          Turns: 7254, Time: 00:10:10

Health: -4/65      AC: 36    Str: 25    XL:     10   Next: 37%
Magic:  10/10      EV: 12    Int:  8    God:    Okawaru [*.....]
Gold:   108        SH:  5    Dex:  9    Spells: 9/9 levels left

rFire   . . .      SeeInvis .    G - +0 morningstar (protect)
rCold   + . .      Faith    .    c - +0 buckler
rNeg    + . .      Spirit   .    p - +1 plate armour
rPois   ∞          Reflect  .    g - +0 helmet
rElec   +          Rampage  .    v - +0 cloak
rCorr   .                        j - +2 pair of gloves
Will    .....                    f - +0 pair of boots Stlth
                                 (no amulet)
HPRegen 0.30/turn                x - ring of protection from cold
MPRegen 0.12/turn                F - +5 ring of evasion

@: under a protective aura
A: sickness immunity, AC +7, negative energy resistance 1, electricity
resistance, torment resistance 1, petrification resistance
a: Renounce Religion, Heroism


You were on level 9 of the Dungeon.
You worshipped Okawaru.
Okawaru was aware of your devotion.
You visited 2 branches of the dungeon, and saw 10 of its levels.

You collected 498 gold pieces.
You spent 390 gold pieces at shops.

Inventory:

Hand Weapons
 G - a +0 morningstar of protection (weapon)
Missiles
 q - a throwing net (quivered)
Armour
 c - a +0 buckler (worn)
 f - a +0 pair of boots (worn)
 g - a +0 helmet (worn)
 j - a +2 pair of gloves (worn)
 p - a +1 plate armour (worn)
 v - a +0 cloak (worn)
 E - a +4 chain mail of cold resistance
Jewellery
 x - a ring of protection from cold (left hand)
 A - a ring of fire
 F - a +5 ring of evasion (right hand)
Wands
 u - a wand of flame (28)
 C - a wand of iceblast (11)
Scrolls
 a - 2 scrolls of enchant weapon
 b - a scroll of blinking
 h - a scroll of enchant armour
 l - a scroll of amnesia {unknown}
 n - a scroll of fog
 r - a scroll of butterflies
 s - 2 scrolls of teleportation
 y - a scroll of poison
 D - a scroll of vulnerability {unknown}
Potions
 d - 3 potions of might
 e - 2 potions of cancellation
 i - 2 potions of brilliance
 k - a potion of berserk rage
 m - 4 potions of curing
 o - a potion of invisibility {unknown}
 t - a potion of mutation {unknown}
 z - a potion of resistance {unknown}
 B - a potion of ambrosia


   Skills:
 + Level 8.9 Fighting
 + Level 7.7 Maces & Flails
 + Level 8.8 Armour
 + Level 8.8 Shields


You had 9 spell levels left.
You didn't know any spells.
Your spell library contained the following spells:

 Spells                   Type           Power      Damage    Failure   Level
 Shock                    Conj/Air       0%         1d3       99%         1
 Portal Projectile        Hex/Tloc       0%         N/A       100%        3
 Swiftness                Air            0%         N/A       100%        3
 Airstrike                Air            0%         2d(0-16)  100%        4
 Leda's Liquefaction      Hex/Erth       0%         N/A       100%        4
 Petrify                  Tmut/Erth      0%         N/A       100%        4
 Irradiate                Conj/Tmut      0%         3d11      100%        5
 Sublimation of Blood     Necr           Unusable   N/A       N/A         2
 Call Canine Familiar     Summ           Unusable   N/A       N/A         3

Dungeon Overview and Level Annotations

Branches:
Dungeon (9/15)             Temple (1/1) D:7
   Lair: D:8-11         Orc: D:9-12

Altars:
Cheibriados
Elyvilon
Gozag
Okawaru
Uskayaw
Vehumet
Yredelemnul

Shops:
D:7 *   D:8 [[:*[


Innate Abilities, Weirdness & Mutations

You are immune to sickness and miasma.
Your stone body is resilient. (AC +7)
You are immune to poison.
You resist negative energy. (rN+)
You are resistant to electric shocks. (rElec)
You are resistant to unholy torment.
You are immune to petrification.


Message History

The water moccasin bites you but does no damage.
You bludgeon the orc!!
You kill the orc!
Okawaru accepts your kill.
The water moccasin bites you but does no damage.
The water moccasin bites you.
The water moccasin bites you but does no damage.
The yak closely misses you. The yak gores you!
* * * LOW HITPOINT WARNING * * *
You block the orc warrior's attack.
You sock the orc!
You kill the orc!
Okawaru accepts your kill. The water moccasin barely misses you.
You block the water moccasin's attack. The yak closely misses you.
The yak gores you but does no damage.
The orc warrior hits you from afar with a +2 trident of flaming.
* * * LOW HITPOINT WARNING * * *
The orc warrior burns you.
* * * LOW HITPOINT WARNING * * *
The water moccasin bites you.
* * * LOW HITPOINT WARNING * * *
The water moccasin bites you but does no damage.
You impale the orc!!
You kill the orc!
Okawaru accepts your kill. The yak gores you but does no damage.
You block the yak's attack. The water moccasin closely misses you.
The orc warrior closely misses you.
The water moccasin bites you but does no damage.
An orc warrior, 2 orcs and an orc wizard come into view.
The orc warrior is wielding a +0 short sword and wearing a +0 plate armour of cold resistance.
The orc shouts! x2; The orc wizard shouts!
The yak gores you but does no damage. The orc warrior barely misses you.
The water moccasin bites you but does no damage.
Items here: )))) [[ †.
The orc wizard points at you and mumbles some strange words.
The puff of flame hits you.
* * * LOW HITPOINT WARNING * * *
The orc warrior hits you but does no damage.
The yak attacks as you move away! The yak gores you!
You die... ..)......+ #.♣....P. . .))......# #....... .# ..)......# #<.....#... .........# #.S...... ########## #Y.Yl..# ....### #oYSlY.#

###...### #SS# ###...#
###Y###### #######.####
#.@o.....!.
...........####..........
...........##.....o......
...........#..#...oo.....
...........#[##......o...
...........#.##..........
...........#.##..........
...........#.##.........
...........#.######.###


You could see 4 yaks, a basilisk, 2 orc warriors, 4 water moccasins, an iguana,
an orc wizard and 2 orcs.

Vanquished Creatures
  2 trolls (D:8)
  Grinder (D:5)
  Prince Ribbit (D:7)
  A wyvern (D:7)
  2 vampire mosquitoes (D:8)
  A steam dragon (D:7)
  A water moccasin (D:7)
  3 orc warriors
  2 black bears (D:5)
  2 ice beasts
  3 sky beasts
  An ogre (D:7)
  A phantom (D:3)
  A bullfrog (D:7)
  4 kobold brigands (D:8)
  A gnoll sergeant (D:5)
  8 wights (D:7)
  A howler monkey (D:7)
  A hound (D:6)
  A jelly (D:6)
  A gnoll bouda (D:6)
  3 orc priests
  Crazy Yiuf (D:4)
  Ijyb (D:4)
  2 iguanas
  9 orc wizards
  3 sleepcaps
  Robin (D:4)
  16 gnolls
  6 adders
  8 river rats (D:5)
  A shadow imp (D:6)
  A white imp (D:8)
  2 worms
  3 dart slugs
  41 orcs
  9 endoplasms
  3 giant cockroaches
  6 goblins
  5 hobgoblins
  4 jackals (D:5)
  11 kobolds
  2 quokkas (D:5)
  5 ball pythons
  9 bats
  3 frilled lizards
  17 rats
211 creatures vanquished.

Vanquished Creatures (others)
  2 fungi (D:9)
  3 plants (D:9)
5 creatures vanquished.

Grand Total: 216 creatures vanquished

Notes
Turn   | Place    | Note
-------+----------+-------------------------------------------
     0 | D:1      | Dittersdorf the Gargoyle Fighter began the quest for the
                  | Orb.
     0 | D:1      | Reached XP level 1. HP: 14/14 MP: 1/1
    94 | D:1      | Reached XP level 2. HP: 19/19 MP: 2/2
   823 | D:2      | Reached XP level 3. HP: 24/24 MP: 3/3
  1467 | D:3      | Noticed a phantom
  1495 | D:3      | Killed a phantom
  1496 | D:3      | Reached XP level 4. HP: 18/29 MP: 4/4
  1496 | D:3      | Reached XP level 5. HP: 20/33 MP: 5/5
  2630 | D:4      | Noticed Ijyb
  2636 | D:4      | Killed Ijyb
  2725 | D:4      | Reached XP level 6. HP: 28/39 MP: 6/6
  2776 | D:4      | Noticed Robin
  2803 | D:4      | Killed Robin
  3143 | D:4      | Found a runed translucent door.
  3144 | D:4      | Noticed Crazy Yiuf
  3626 | D:4      | Killed Crazy Yiuf
  3627 | D:4      | Reached skill level 5 in Fighting
  3627 | D:4      | Reached skill level 5 in Armour
  3702 | D:5      | Entered Level 5 of the Dungeon
  3750 | D:5      | Noticed a black bear
  3756 | D:5      | Killed a black bear
  3756 | D:5      | Noticed Grinder
  3757 | D:5      | Reached skill level 5 in Shields
  3757 | D:5      | Reached XP level 7. HP: 39/44 MP: 7/7
  3792 | D:5      | Paralysed by Grinder for 5 turns
  3805 | D:5      | Paralysed by Grinder for 5 turns
  3812 | D:5      | Killed Grinder
  3933 | D:5      | HP: 2/45 [ice beast (5)]
  3961 | D:4      | HP: 1/45 [ice beast (8)]
  3968 | D:4      | Reached XP level 8. HP: 5/51 MP: 8/8
  4367 | D:5      | Reached skill level 5 in Maces & Flails
  5508 | D:7      | Found Unnai's General Store.
  5519 | D:7      | Reached XP level 9. HP: 49/57 MP: 9/9
  5821 | D:7      | Noticed Prince Ribbit
  5832 | D:7      | Killed Prince Ribbit
  6117 | D:7      | Found a staircase to the Ecumenical Temple.
  6123 | Temple   | Entered the Ecumenical Temple
  6149 | Temple   | Became a worshipper of Warmaster Okawaru
  6245 | D:8      | Found Xeoratt's Antique Armour Emporium.
  6422 | D:8      | Noticed a troll
  6429 | D:8      | Killed a troll
  6430 | D:8      | Reached XP level 10. HP: 65/65 MP: 10/10
  6616 | D:8      | Reached * piety under Okawaru
  6661 | D:8      | Found Noaturo's Armour Emporium.
  6666 | D:8      | Bought a +4 chain mail of cold resistance for 315 gold
                  | pieces
  6736 | D:8      | Found Mixyda's General Store.
  6743 | D:8      | Bought a scroll of enchant weapon for 75 gold pieces
  6747 | D:8      | Found Edolaz's Armour Boutique.
  6841 | D:8      | Found Kovu's Book Shop.
  7109 | D:8      | Found a snail-covered altar of Cheibriados.
  7254 | D:9      | Slain by a yak

Illustrated notes

Levels and vault maps discovered:
D:1:      spicycebolla_green_bress_n_ham_2, layout_rooms, chequers_jeans
D:2:      layout_basic
D:3:      layout_loops_corners
D:4:      layout_loops_corners, minmay_misc_feat_rows, grunt_ministairs_2,
          uniq_crazy_yiuf_cottage, uniq_ijyb, uniq_robin
D:5:      layout_gridville, dk_rats_in_the_wall, uniq_grinder
D:6:      layout_loops_cross
D:7:      layout_rooms, minmay_temple_entry_fiery, serial_corexii_hall,
          corexii_hall_statues_t, corexii_hall_statues_t, serial_shops,
          nicolae_shop_trees, uniq_prince_ribbit1
D:8:      layout_loops_ring, slow_altar_2, serial_shops,
          nicolae_shop_hallway_plus, nicolae_shop_trees,
          nicolae_shop_hallway_plus, nicolae_shop_hallway_stairs, shop,
          minmay_unpleasant_kobolds
D:9:      layout_roguey, minmay_lair_entry_grove, orc_david_3
Temple:   minmay_crystal_snake_temple

Skill      XL: |  1  2  3  4  5  6  7  8  9 |
---------------+----------------------------+-----
Fighting       | 4 5 7 8 |  8.9
Maces & Flails | 3 4 5 7 |  7.7
Armour         | 4 5 6 8 |  8.8
Shields        | 4 5 6 8 |  8.8

Action                     |  1- 3 |  4- 6 |  7- 9 | 10-12 || total
---------------------------+-------+-------+-------+-------++-------
  Melee: Flail             |   140 |   118 |   286 |    50 ||   594
         Morningstar       |       |       |       |    19 ||    19
    Use: Scroll            |       |    13 |     5 |       ||    18
 Armour: Scale mail        |   107 |   102 |   132 |       ||   341
         Plate armour      |       |       |   171 |    95 ||   266
  Dodge: Dodged            |    68 |    79 |   143 |    53 ||   343
  Block: Buckler           |    28 |    36 |    87 |    35 ||   186

Table legend: (Time is in decaauts)
 A = Elapsed time spent in this place.
 B = Non-inter-level travel time spent in this place.
 C = Inter-level travel time spent in this place.
 D = Time resting spent in this place.
 E = Time spent auto-exploring this place.
 F = Levels seen in this place.
 G = Mean time per level.
                   A        B        C        D        E       F      G
               +--------+--------+--------+--------+--------+-----+--------+
         Total |   7625 |   7169 |    456 |    247 |   5064 |  10 |  762.5 |
       Dungeon |   7577 |   7141 |    436 |    247 |   5043 |   9 |  841.9 |
        Temple |     47 |     27 |     20 |      0 |     21 |   1 |   47.0 |
               +--------+--------+--------+--------+--------+-----+--------+

Top non-repeatable levels by time:
     D:4: 1434 daAuts
     D:3: 1196 daAuts
     D:8: 933 daAuts
     D:5: 851 daAuts
     D:6: 798 daAuts
     D:7: 789 daAuts
     D:2: 768 daAuts
     D:1: 694 daAuts
     D:9: 111 daAuts
  Temple: 47 daAuts
